 Dungeon Crawl Stone Soup version 0.27-a0-1066-g29160eaed2 (webtiles) character file.

Game seed: 6939112391112648467

45 LordDeathwing the Skirmisher (level 3, -3/33 HPs)
             Began as a Hill Orc Fighter on Apr 24, 2021.
             Slain by Grinder (4 damage)
             ... while paralysed by Grinder
             ... on level 3 of the Dungeon.
             The game lasted 00:03:12 (1435 turns).

LordDeathwing the Skirmisher (Hill Orc Fighter)     Turns: 1435, Time: 00:03:12

Health: -3/33      AC:  7    Str: 19    XL:     3   Next: 64%
Magic:  3/3        EV:  2    Int:  8    God:
Gold:   80         SH:  0    Dex: 10    Spells: 2/2 levels left

rFire    . . .     SeeInvis .   a - +0 war axe
rCold    . . .     Faith    .   c - +0 kite shield
rNeg     . . .     Spirit   .   b - +0 scale mail
rPois    .         Reflect  .   (no helmet)
rElec    .         Harm     .   (no cloak)
rCorr    .         Rampage  .   (no gloves)
Will     .....                  (no boots)
Stlth    ..........             (no amulet)
HPRegen  0.11/turn              (no ring)
MPRegen  0.08/turn              (no ring)

@: paralysed
A: no striking features
a: no special abilities


You were on level 3 of the Dungeon.
You visited 1 branch of the dungeon, and saw 3 of its levels.

You collected 80 gold pieces.

Inventory:

Hand Weapons
 a - a +0 war axe (weapon)
Armour
 b - a +0 scale mail (worn)
 c - a +0 kite shield (worn)
Scrolls
 g - 3 scrolls of identify {unknown}
 i - a scroll of teleportation {unknown}
Potions
 d - 2 potions of might
 e - 2 potions of resistance {unknown}
 f - a potion of lignification {unknown}
 h - a potion of heal wounds {unknown}


   Skills:
 + Level 3.9 Fighting
 * Level 3.8 Axes
 * Level 3.9 Armour
 + Level 3.6 Shields


You had 2 spell levels left.
You didn't know any spells.
Your spell library was empty.

Dungeon Overview and Level Annotations

Branches:
Dungeon (3/15)

Altars:
Vehumet

Shops:
D:1 :

Annotations:
D:3 Grinder


Message History

You block the orc's attack. The orc barely misses you.
You closely miss the orc.
The orc is almost dead.
You block the orc's attack.
You slash the orc!
You kill the orc!
You see here a +0 dagger.
HP restored.
Vehumet rains destruction down upon you!
The puff of frost hits you.
Grinder comes into view.
Grinder shouts!
Found three items.
Grinder closely misses you.
You barely miss Grinder. Grinder hits you.
You writhe in agony.
You barely miss Grinder. Grinder hits you but does no damage.
Grinder gestures at you. Pain shoots through your body!
You hit Grinder but do no damage. Grinder gestures at you.
Pain shoots through your body!
* * * LOW HITPOINT WARNING * * *
You closely miss Grinder. Grinder hits you but does no damage.
Grinder completely misses you.
You hit Grinder.
Grinder is lightly wounded.
Grinder hits you.
* * * LOW HITPOINT WARNING * * *
You writhe in agony.
* * * LOW HITPOINT WARNING * * *
You slash Grinder!
Grinder is moderately wounded.
You block Grinder's attack. Grinder barely misses you.
You hit Grinder but do no damage.
Grinder is moderately wounded.
You block Grinder's attack. Grinder gestures at you.
You suddenly lose the ability to move!
Grinder hits you.
You die...

.......#### ..........#
..........# #
#####.....###########.#
#.................#.
#.....######........
#.....# #.#######
#.....######.##
#######..?..@.#
#.....5.# #.......#
?.(......# ..........
..........# ..........#
..........#


You could see Grinder.

Vanquished Creatures
  An adder (D:2)
  A worm (D:2)
  2 dart slugs
  An orc (D:3)
  6 endoplasms
  2 giant cockroaches
  A goblin (D:2)
  2 kobolds
  2 quokkas (D:1)
  A ball python (D:1)
  3 bats (D:2)
  5 rats
27 creatures vanquished.

Notes
Turn   | Place    | Note
-------+----------+-------------------------------------------
     0 | D:1      | LordDeathwing the Hill Orc Fighter began the quest for the
                  | Orb.
     0 | D:1      | Reached XP level 1. HP: 19/19 MP: 1/1
   112 | D:1      | Found Nisaipt's Book Boutique.
   203 | D:1      | Reached XP level 2. HP: 27/27 MP: 2/2
   417 | D:1      | Found a faded altar of an unknown god.
   430 | D:1      | Became a worshipper of Vehumet
   430 | D:1      | Reached * piety under Vehumet
   430 | D:1      | Offered knowledge of Shock by Vehumet.
   551 | D:1      | You fall into a shaft and drop 1 floor!
   642 | D:2      | Reached XP level 3. HP: 22/33 MP: 3/3
   779 | D:2      | Fell from the grace of Vehumet
  1424 | D:3      | Noticed Grinder
  1432 | D:3      | HP: 1/33 [Grinder (3)]
  1434 | D:3      | Paralysed by Grinder for 4 turns
  1435 | D:3      | Slain by Grinder

Illustrated notes

Levels and vault maps discovered:
D:1:      lemuel_arrival_behind_the_door_large, layout_rooms,
          basic_ecumenical_altar, serial_shops, shop
D:2:      layout_loops_ring
D:3:      layout_basic, uniq_grinder

Skill      XL: |  1 |
---------------+----+-----
Axes           | 3 |  3.8
Fighting       | |  3.9
Armour         | |  3.9
Shields        | |  3.6

Action                   || total
-------------------------++-------
Melee: War axe           ||    87
Invok: Renounce Religion ||     1
Armor: Scale mail        ||    50
Dodge: Dodged            ||    41
Block: Kite shield       ||    53

Table legend: (Time is in decaauts)
 A = Elapsed time spent in this place.
 B = Non-inter-level travel time spent in this place.
 C = Inter-level travel time spent in this place.
 D = Time resting spent in this place.
 E = Time spent auto-exploring this place.
 F = Levels seen in this place.
 G = Mean time per level.
                   A        B        C        D        E       F      G
               +--------+--------+--------+--------+--------+-----+--------+
         Total |   1483 |   1470 |     13 |      0 |   1150 |   3 |  494.3 |
       Dungeon |   1483 |   1470 |     13 |      0 |   1150 |   3 |  494.3 |
               +--------+--------+--------+--------+--------+-----+--------+

Top non-repeatable levels by time:
     D:2: 830 daAuts
     D:1: 564 daAuts
     D:3: 88 daAuts
